[Event "EYCC Girls-U16 2019"]
[Site "Bratislava"]
[Date "2019.08.07"]
[Round "6.15"]
[White "Diez, Ambre"]
[Black "Srdanovic, Jovana"]
[Result "1/2-1/2"]
[ECO "A06"]
[WhiteElo "1908"]
[BlackElo "1975"]
[Annotator "NA"]
[PlyCount "73"]
[EventDate "2019.08.02"]
[EventType "swiss"]
[EventCountry "SVK"]
[SourceTitle "playchess.com"]
[Source "ChessBase"]
[SourceQuality "1"]
[TimeControl "40/5400+30:1800+30"]

1. Nf3 d5 2. g3 c6 3. Bg2 Nf6 4. O-O Bf5 5. c4 e6 6. cxd5 exd5 7. d3 Bc5 8. Nc3 O-O 9. Nh4 Bg4 10. h3 Be6 11. Qc2 Na6 12. a3 d4 13. Nb1 Be7 14. b4 Nc7 15. Bb2 Qd7 16. Kh2 a5 17. Nf3 axb4 18. Nxd4 bxa3 19. Nxe6 axb2 20. Rxa8 Rxa8 21. Nxc7 Qxc7 22. Qxb2 Ne8 23. Nc3 Bf6 24. Qb3 Nd6 25. Ne4 Nxe4 26. Bxe4 g6 27. Rb1 Ra7 28. Kg2 Kg7 29. Qb4 Qd8 30. e3 h5 31. h4 Qf8 32. Qb6 Qa3 33. d4 Qa2 34. Rb2 Qa3 35. Rb1 Qa2 36. Rb2 Qa3 37. Rb1 1/2-1/2

[Event "EYCC Girls-U16 2019"]
[Site "Bratislava"]
[Date "2019.08.07"]
[Round "6.16"]
[White "Jarocka, Liwia"]
[Black "Ozbek, Busra"]
[Result "0-1"]
[ECO "C92"]
[WhiteElo "2102"]
[BlackElo "1866"]
[Annotator "NA"]
[PlyCount "126"]
[EventDate "2019.08.02"]
[EventType "swiss"]
[EventCountry "SVK"]
[SourceTitle "playchess.com"]
[Source "ChessBase"]
[SourceQuality "1"]
[TimeControl "40/5400+30:1800+30"]

1. e4 e5 2. Nf3 Nc6 3. Bb5 a6 4. Ba4 Nf6 5. O-O Be7 6. Re1 b5 7. Bb3 d6 8. c3 O-O 9. h3 Nd7 10. d4 Bf6 11. a4 Bb7 12. axb5 axb5 13. Rxa8 Qxa8 14. Na3 b4 15. Nc4 bxc3 16. bxc3 Na5 17. Nxa5 Qxa5 18. Bd2 Qb6 19. Be3 exd4 20. Bxd4 Qa5 21. Qb1 Ba8 22. Re3 Be5 23. Bxe5 Nxe5 24. Nh4 Qb6 25. Qd1 Rb8 26. Bc2 g6 27. Rg3 Kh8 28. Qd4 Qxd4 29. cxd4 Nd7 30. Re3 c5 31. Rc3 Kg7 32. Nf3 Rb4 33. Ra3 Bc6 34. Rc3 Ba4 35. Bxa4 Rxa4 36. dxc5 dxc5 37. Rd3 Nb6 38. Rc3 c4 39. Kf1 Rb4 40. Nd2 Kf6 41. Ke2 Ke6 42. Ke3 Kd6 43. Kd4 Kc6 44. Nxc4 Kb5 45. Ke5 Nxc4+ 46. Kf6 Kc5 47. Kxf7 Kd4 48. Rc1 Kxe4 49. Kg8 h5 50. Kg7 Ne5 51. Kf6 Rb6+ 52. Kg5 Nf7+ 53. Kh4 Ke5 54. f4+ Kf6 55. g4 hxg4 56. hxg4 Nd8 57. Rc7 Rc6 58. Ra7 Ne6 59. g5+ Kf5 60. Rf7+ Ke4 61. f5 gxf5 62. Re7 Kf4 63. g6 Nf8 0-1

[Event "EYCC Girls-U16 2019"]
[Site "Bratislava"]
[Date "2019.08.07"]
[Round "6.17"]
[White "Yedigaryan, Asya"]
[Black "Levitan, Ronit"]
[Result "1-0"]
[ECO "A06"]
[WhiteElo "1583"]
[BlackElo "2022"]
[Annotator "NA"]
[PlyCount "119"]
[EventDate "2019.08.02"]
[EventType "swiss"]
[EventCountry "SVK"]
[SourceTitle "playchess.com"]
[Source "ChessBase"]
[SourceQuality "1"]
[TimeControl "40/5400+30:1800+30"]

1. g3 d5 2. Nf3 Bg4 3. Bg2 c6 4. b3 Nf6 5. Bb2 Nbd7 6. d3 e6 7. Nbd2 Bd6 8. O-O O-O 9. h3 Bxf3 10. Bxf3 e5 11. e4 dxe4 12. dxe4 Qe7 13. Nc4 Bc7 14. a4 Rfd8 15. Qe2 a5 16. Bg2 Rdb8 17. Bc3 g6 18. Qe1 b6 19. Kh1 Re8 20. Qe2 Rad8 21. Rad1 Qe6 22. Rd2 Nc5 23. Rfd1 Rxd2 24. Rxd2 Re7 25. Kh2 Rd7 26. Bf3 Rxd2 27. Bxd2 Kg7 28. Qe3 Nxa4 29. Nxa5 bxa5 30. bxa4 Qc4 31. Qb3 Qc5 32. Be3 Qb4 33. Qxb4 axb4 34. Bc5 Ba5 35. Bd6 Nd7 36. Bg4 Nb6 37. Bxe5+ f6 38. Bc7 Kf7 39. Be2 Ke7 40. Kg2 Kd7 41. Bxb6 Bxb6 42. f4 Kd6 43. Kf3 h5 44. Bc4 g5 45. h4 gxh4 46. gxh4 Ke7 47. Be2 Kf7 48. Kg2 Kg6 49. f5+ Kh6 50. Ba6 c5 51. Bc4 Kg7 52. Kf1 Kf8 53. Be2 Ke7 54. Bxh5 Kd6 55. Bf7 Bd8 56. Ke2 Ke7 57. Bd5 Kf8 58. Kd3 Kg7 59. Kc4 Be7 60. Kb5 1-0

[Event "EYCC Girls-U16 2019"]
[Site "Bratislava"]
[Date "2019.08.07"]
[Round "6.18"]
[White "Dejanovic, Tereza"]
[Black "Gombocz, Zsofia"]
[Result "0-1"]
[ECO "C88"]
[WhiteElo "1834"]
[BlackElo "1981"]
[Annotator "NA"]
[PlyCount "134"]
[EventDate "2019.08.02"]
[EventType "swiss"]
[EventCountry "SVK"]
[SourceTitle "playchess.com"]
[Source "ChessBase"]
[SourceQuality "1"]
[TimeControl "40/5400+30:1800+30"]

1. e4 e5 2. Nf3 Nc6 3. Bb5 a6 4. Ba4 Nf6 5. O-O Be7 6. Re1 b5 7. Bb3 O-O 8. a4 Bb7 9. d3 d6 10. Nc3 b4 11. Ne2 Na5 12. Ba2 b3 13. Bxb3 Nxb3 14. cxb3 Re8 15. Ng3 c5 16. Bd2 a5 17. Bc3 Bf8 18. Nf5 g6 19. Ne3 Bh6 20. Nc4 Nh5 21. Ne3 Nf4 22. Qc2 Rf8 23. Rad1 f5 24. Nxe5 dxe5 25. Bxe5 Qg5 26. Qc4+ Rf7 27. f3 fxe4 28. Bxf4 Qxf4 29. dxe4 Qc7 30. Nd5 Bxd5 31. Rxd5 Rc8 32. e5 Kh8 33. Kh1 Rd7 34. e6 Rxd5 35. Qxd5 Qe7 36. Qd7 Re8 37. Qxe7 Rxe7 38. Re5 Kg7 39. h4 Bf4 40. Rxc5 Rxe6 41. g4 Bd2 42. Rc7+ Kg8 43. Rc8+ Kf7 44. Rh8 Kg7 45. Rd8 Bb4 46. Kg2 Re2+ 47. Kf1 Rxb2 48. Rd7+ Kg8 49. Rd8+ Bf8 50. Ra8 Rxb3 51. Kg2 Rb2+ 52. Kg1 Rc2 53. Rxa5 Bc5+ 54. Kh1 Be7 55. h5 Rf2 56. hxg6 hxg6 57. Re5 Kf7 58. Re3 Bd6 59. Rb3 Ra2 60. Rb7+ Ke6 61. Ra7 Rf2 62. Rg7 Kf6 63. Rd7 Be5 64. a5 Rxf3 65. a6 Ra3 66. a7 Kg5 67. Rd5 Kf4 0-1

[Event "EYCC Girls-U16 2019"]
[Site "Bratislava"]
[Date "2019.08.07"]
[Round "6.19"]
[White "Kuzich, Aryna"]
[Black "Walterova, Ema"]
[Result "1-0"]
[ECO "C44"]
[WhiteElo "1940"]
[BlackElo "1761"]
[Annotator "NA"]
[PlyCount "41"]
[EventDate "2019.08.02"]
[EventType "swiss"]
[EventCountry "SVK"]
[SourceTitle "playchess.com"]
[Source "ChessBase"]
[SourceQuality "1"]
[TimeControl "40/5400+30:1800+30"]

1. e4 e5 2. Nf3 Nc6 3. d4 exd4 4. c3 dxc3 5. Nxc3 Bb4 6. Bc4 Nf6 7. O-O d6 8. Nd5 Nxd5 9. exd5 O-O 10. dxc6 bxc6 11. a3 Bc5 12. b4 Bb6 13. Bg5 Qd7 14. Re1 h6 15. Be7 Re8 16. Bh4 d5 17. Bd3 Bb7 18. Ne5 Qd6 19. Qh5 g6 20. Nxg6 fxg6 21. Qxh6 1-0

[Event "EYCC Girls-U16 2019"]
[Site "Bratislava"]
[Date "2019.08.07"]
[Round "6.21"]
[White "Eizaguerri Floris, Maria"]
[Black "Zarebska, Lena"]
[Result "0-1"]
[ECO "B34"]
[WhiteElo "2099"]
[BlackElo "1773"]
[Annotator "NA"]
[PlyCount "92"]
[EventDate "2019.08.02"]
[EventType "swiss"]
[EventCountry "SVK"]
[SourceTitle "playchess.com"]
[Source "ChessBase"]
[SourceQuality "1"]
[TimeControl "40/5400+30:1800+30"]

1. e4 c5 2. Nf3 Nc6 3. d4 cxd4 4. Nxd4 Nf6 5. Nc3 e5 6. Ndb5 d6 7. Nd5 Nxd5 8. exd5 Nb8 9. a4 a6 10. Na3 Be7 11. Be2 O-O 12. O-O f5 13. f4 e4 14. Nc4 b6 15. Be3 Nd7 16. Bd4 Bb7 17. Ne3 g6 18. c4 Bf6 19. b4 a5 20. Rb1 axb4 21. Rxb4 Nc5 22. Bxf6 Qxf6 23. Qa1 Qe7 24. Rfb1 Bc8 25. Rxb6 Rxa4 26. Qd4 Ra2 27. Bf1 Qh4 28. Rxd6 Qxf4 29. Rbb6 Qf2+ 30. Kh1 Ra7 31. Rb2 Qe1 32. Qd2 Ra1 33. Qxe1 Rxe1 34. Re2 Rb1 35. Kg1 f4 36. Nc2 f3 37. gxf3 exf3 38. Ree6 Nxe6 39. dxe6 f2+ 40. Kg2 Bb7+ 41. Rd5 Re8 42. Kxf2 Rf8+ 43. Ke2 Bxd5 44. cxd5 Rfxf1 45. d6 Kf8 46. Nd4 Rfd1 0-1

[Event "EYCC Girls-U16 2019"]
[Site "Bratislava"]
[Date "2019.08.07"]
[Round "6.22"]
[White "Katkov, Michelle"]
[Black "Kaygisiz, Ilayda"]
[Result "0-1"]
[ECO "B22"]
[WhiteElo "2129"]
[BlackElo "1775"]
[Annotator "NA"]
[PlyCount "76"]
[EventDate "2019.08.02"]
[EventType "swiss"]
[EventCountry "SVK"]
[SourceTitle "playchess.com"]
[Source "ChessBase"]
[SourceQuality "1"]
[TimeControl "40/5400+30:1800+30"]

1. e4 c5 2. c3 Nf6 3. e5 Nd5 4. d4 cxd4 5. cxd4 Nc6 6. Nf3 d6 7. Bc4 Nb6 8. Bb5 Bd7 9. Nc3 dxe5 10. d5 Nb4 11. Nxe5 Bxb5 12. Nxb5 Rc8 13. O-O Qxd5 14. Nxa7 Rc5 15. Bd2 Qxe5 16. Bxb4 Rd5 17. Qb3 Qb8 18. Bc5 Rxc5 19. Qxb6 Qc7 20. Qb3 e6 21. Rfd1 Bd6 22. g3 Be5 23. Qa4+ Ke7 24. Qb4 Ra8 25. Nb5 Qc6 26. Rac1 b6 27. Na3 Ra4 28. Qd2 Rd4 29. Qe3 Rxd1+ 30. Rxd1 Bxb2 31. Qd2 Rd5 32. Qb4+ Qc5 33. Qh4+ g5 34. Qa4 Rxd1+ 35. Qxd1 Bxa3 36. Qh5 Qf5 37. Qe2 Bc5 38. Qb2 Qxf2+ 0-1

[Event "EYCC Girls-U16 2019"]
[Site "Bratislava"]
[Date "2019.08.07"]
[Round "6.23"]
[White "Radikovic, Anamarija"]
[Black "Sleurs, Juliette"]
[Result "1/2-1/2"]
[ECO "D02"]
[WhiteElo "2021"]
[BlackElo "1834"]
[Annotator "NA"]
[PlyCount "83"]
[EventDate "2019.08.02"]
[EventType "swiss"]
[EventCountry "SVK"]
[SourceTitle "playchess.com"]
[Source "ChessBase"]
[SourceQuality "1"]
[TimeControl "40/5400+30:1800+30"]

1. Nf3 d5 2. d4 Nf6 3. Bf4 Bf5 4. Nbd2 e6 5. e3 Bd6 6. Bg3 h6 7. Ne5 O-O 8. Be2 c5 9. c3 Nc6 10. f4 Ne4 11. Nxe4 Bxe4 12. O-O Nxe5 13. fxe5 Be7 14. Bd3 Bxd3 15. Qxd3 c4 16. Qe2 b5 17. Rf3 Rb8 18. Raf1 b4 19. e4 bxc3 20. bxc3 Rb7 21. Bf4 f5 22. exf5 Rxf5 23. Be3 Rxf3 24. Qxf3 Bg5 25. Bf2 Rf7 26. Qe2 Bh4 27. Qg4 Bxf2+ 28. Rxf2 Qb6 29. Rxf7 Kxf7 30. Qf4+ Kg6 31. Qc1 Qb7 32. Qc2+ Kf7 33. h3 a5 34. Kh2 Kg8 35. Qa4 Qf7 36. Kg1 Qf4 37. Qxa5 Qe3+ 38. Kf1 Qc1+ 39. Kf2 Qf4+ 40. Kg1 Qe3+ 41. Kh1 Qc1+ 42. Kh2 1/2-1/2

[Event "EYCC Girls-U16 2019"]
[Site "Bratislava"]
[Date "2019.08.07"]
[Round "6.24"]
[White "Pipia, Ekaterine"]
[Black "Rzali, Sabina"]
[Result "1/2-1/2"]
[ECO "A06"]
[WhiteElo "1945"]
[BlackElo "1691"]
[Annotator "NA"]
[PlyCount "214"]
[EventDate "2019.08.02"]
[EventType "swiss"]
[EventCountry "SVK"]
[SourceTitle "playchess.com"]
[Source "ChessBase"]
[SourceQuality "1"]
[TimeControl "40/5400+30:1800+30"]

1. Nf3 d5 2. e3 Nf6 3. c4 e6 4. b3 c5 5. Bb2 Bd6 6. Nc3 Nc6 7. cxd5 exd5 8. d4 cxd4 9. Nxd4 O-O 10. Be2 Re8 11. O-O Nxd4 12. Qxd4 Be5 13. Qd3 g6 14. Rfd1 Bf5 15. Qd2 Qa5 16. Ne4 Qxd2 17. Nxf6+ Bxf6 18. Rxd2 Bxb2 19. Rxb2 Rad8 20. Rd1 Re7 21. Rbd2 Red7 22. Bb5 Rd6 23. Rd4 a6 24. Bc4 Be6 25. e4 b5 26. Bxd5 Bxd5 27. exd5 Kf8 28. f3 Rc8 29. R1d2 Ke7 30. Re2+ Kf8 31. Kf2 Rcd8 32. Red2 Ke7 33. Ke3 R6d7 34. Kf4 Rd6 35. Ke5 Kd7 36. Rc2 Re8+ 37. Kf4 Rf6+ 38. Kg3 Rd6 39. Rd3 Re5 40. Rc5 Re2 41. a4 bxa4 42. bxa4 Rb6 43. d6 Rxd6 44. Rxd6+ Kxd6 45. Ra5 Ra2 46. Rxa6+ Ke5 47. Ra5+ Ke6 48. h4 f5 49. Ra7 Kf6 50. a5 Ra4 51. a6 h6 52. Ra8 Kg7 53. a7 h5 54. Kf2 Ra2+ 55. Ke3 Ra4 56. Kd3 Kh7 57. Kc3 Kg7 58. Kb3 Ra1 59. Kc4 Ra2 60. Kd5 Ra1 61. Ke5 Ra4 62. Ke6 Ra6+ 63. Ke5 Ra4 64. g3 f4 65. gxf4 Ra5+ 66. Ke6 Ra6+ 67. Ke7 Ra1 68. f5 gxf5 69. Kd6 Ra5 70. f4 Kh7 71. Ke6 Kg7 72. Re8 Ra6+ 73. Kxf5 Rxa7 74. Kg5 Ra1 75. Re7+ Kg8 76. Re6 Kf7 77. Rf6+ Kg7 78. Rg6+ Kf7 79. Rh6 Rf1 80. Rxh5 Kg7 81. Kf5 Ra1 82. Rg5+ Kh6 83. Rg8 Ra5+ 84. Kg4 Ra1 85. Rh8+ Kg7 86. Re8 Rg1+ 87. Kf5 Rh1 88. Re7+ Kg8 89. Kg6 Rg1+ 90. Kh5 Rf1 91. Kg5 Rg1+ 92. Kf6 Rg4 93. f5 Rxh4 94. Re8+ Kh7 95. Kf7 Ra4 96. f6 Ra7+ 97. Re7 Ra8 98. Rb7 Rc8 99. Rb2 Rc7+ 100. Ke8 Kg6 101. Rf2 Rc8+ 102. Ke7 Rc7+ 103. Ke8 Rc8+ 104. Kd7 Ra8 105. f7 Kg7 106. Ke7 Ra7+ 107. Ke8 Ra8+ 1/2-1/2

[Event "EYCC Girls-U16 2019"]
[Site "Bratislava"]
[Date "2019.08.08"]
[Round "7.1"]
[White "Waszczuk, Patrycja"]
[Black "Getman, Tatyana"]
[Result "1/2-1/2"]
[ECO "B90"]
[WhiteElo "2119"]
[BlackElo "2143"]
[Annotator "NA"]
[PlyCount "75"]
[EventDate "2019.08.02"]
[EventType "swiss"]
[EventCountry "SVK"]
[SourceTitle "playchess.com"]
[Source "ChessBase"]
[SourceQuality "1"]
[TimeControl "40/5400+30:1800+30"]

1. e4 c5 2. Nf3 d6 3. d4 cxd4 4. Nxd4 Nf6 5. Nc3 a6 6. Be3 e5 7. Nb3 Be6 8. Qd2 Nbd7 9. f4 Rc8 10. O-O-O b5 11. Kb1 Be7 12. h3 h5 13. a3 Bc4 14. Be2 Bxe2 15. Qxe2 Rxc3 16. bxc3 Nxe4 17. Qd3 d5 18. Rhf1 Qc7 19. Bd2 Nb6 20. fxe5 O-O 21. Rf3 Na4 22. Qxd5 Nexc3+ 23. Bxc3 Nxc3+ 24. Rxc3 Qxc3 25. Rd3 Qc4 26. Kb2 Rc8 27. Qxc4 Rxc4 28. Rd7 Bh4 29. Nd2 Rc5 30. Nf3 Bg3 31. Ra7 Bxe5+ 32. Nxe5 Rxe5 33. Ra8+ Kh7 34. Rxa6 g5 35. Ra5 f6 36. Kc3 Kg6 37. Kd3 Kf5 38. a4 1/2-1/2

[Event "EYCC Girls-U16 2019"]
[Site "Bratislava"]
[Date "2019.08.08"]
[Round "7.2"]
[White "Krasteva, Beloslava"]
[Black "Lehaci, Miruna-Daria"]
[Result "1/2-1/2"]
[ECO "E45"]
[WhiteElo "2327"]
[BlackElo "2201"]
[Annotator "NA"]
[PlyCount "92"]
[EventDate "2019.08.02"]
[EventType "swiss"]
[EventCountry "SVK"]
[SourceTitle "playchess.com"]
[Source "ChessBase"]
[SourceQuality "1"]
[TimeControl "40/5400+30:1800+30"]

1. d4 Nf6 2. c4 e6 3. Nc3 Bb4 4. e3 b6 5. Nge2 Ba6 6. Ng3 O-O 7. e4 d6 8. Bg5 h6 9. h4 Nbd7 10. Rc1 Re8 11. Be3 c5 12. a3 cxd4 13. Bxd4 Bc5 14. Be2 Rc8 15. Bxc5 dxc5 16. Qd6 Nb8 17. Qxd8 Rexd8 18. e5 Ne8 19. Nb5 Nc6 20. f4 Bb7 21. Bf3 a6 22. Nc3 Rc7 23. O-O Nd4 24. Bxb7 Rxb7 25. Nce4 f5 26. Nc3 g5 27. hxg5 hxg5 28. fxg5 Rg7 29. Nge2 Rxg5 30. Nxd4 cxd4 31. Ne2 Rg4 32. Nf4 Ng7 33. b4 d3 34. c5 d2 35. Rcd1 bxc5 36. bxc5 Rd4 37. Ne2 Rc4 38. Rxd2 Rxc5 39. Rd8+ Kh7 40. Nf4 Rxe5 41. Rf3 Rh4 42. Rd7 Re1+ 43. Kf2 Re4 44. g3 Rh6 45. Rc3 e5 46. Rf3 Rh4 1/2-1/2

[Event "EYCC Girls-U16 2019"]
[Site "Bratislava"]
[Date "2019.08.08"]
[Round "7.3"]
[White "Djidjeli, Sarah"]
[Black "Mkrtchyan, Mariam"]
[Result "0-1"]
[ECO "B15"]
[WhiteElo "2017"]
[BlackElo "1981"]
[Annotator "NA"]
[PlyCount "106"]
[EventDate "2019.08.02"]
[EventType "swiss"]
[EventCountry "SVK"]
[SourceTitle "playchess.com"]
[Source "ChessBase"]
[SourceQuality "1"]
[TimeControl "40/5400+30:1800+30"]

1. e4 c6 2. d4 d5 3. Nc3 dxe4 4. Nxe4 Nf6 5. Nxf6+ exf6 6. c3 Bd6 7. Bd3 O-O 8. Qc2 Re8+ 9. Ne2 h6 10. Be3 Qc7 11. h3 Nd7 12. O-O Nf8 13. c4 Qa5 14. Qd2 Qxd2 15. Bxd2 Ne6 16. b4 Bd7 17. c5 Bf8 18. a4 Nc7 19. Nc3 Red8 20. Be3 Be6 21. Rfb1 f5 22. f4 g5 23. Rf1 Bg7 24. fxg5 hxg5 25. Bxf5 Rxd4 26. Rab1 Bxf5 27. Rxf5 Rd3 28. Nd1 Rad8 29. Rf1 Ne6 30. Kf2 Ra3 31. a5 f5 32. Kg1 f4 33. Bf2 Rd2 34. Be1 Rc2 35. Kh1 Bd4 36. Bf2 Raa2 37. Kg1 a6 38. Rb3 Rd2 39. Rf3 Ra1 40. Nc3 Rxf1+ 41. Kxf1 Rxf2+ 42. Rxf2 Bxc3 43. Re2 Kf7 44. Re4 Kf6 45. Ke2 Bd4 46. Kf3 Kf5 47. Re1 Bc3 48. Rb1 Nd4+ 49. Kf2 Ke4 50. g3 Nf5 51. gxf4 gxf4 52. Rb3 Bd4+ 53. Kf1 f3 0-1

[Event "EYCC Girls-U16 2019"]
[Site "Bratislava"]
[Date "2019.08.08"]
[Round "7.4"]
[White "Laurincova, Kristyna"]
[Black "Loskutova, Viktoriya"]
[Result "0-1"]
[ECO "B96"]
[WhiteElo "1981"]
[BlackElo "2019"]
[Annotator "NA"]
[PlyCount "82"]
[EventDate "2019.08.02"]
[EventType "swiss"]
[EventCountry "SVK"]
[SourceTitle "playchess.com"]
[Source "ChessBase"]
[SourceQuality "1"]
[TimeControl "40/5400+30:1800+30"]

1. e4 c5 2. Nf3 d6 3. d4 cxd4 4. Nxd4 Nf6 5. Nc3 a6 6. Bg5 e6 7. f4 h6 8. Bh4 Qb6 9. Qd2 Qxb2 10. Rb1 Qa3 11. f5 Nc6 12. Be2 Be7 13. fxe6 fxe6 14. Nxc6 bxc6 15. e5 dxe5 16. Bxf6 Bxf6 17. Bh5+ Ke7 18. O-O Qc5+ 19. Kh1 Rd8 20. Qe1 e4 21. Bg6 Qg5 22. Bxe4 Qd2 23. Qxd2 Rxd2 24. Bxc6 Ra7 25. Ne4 Rxc2 26. Nxf6 gxf6 27. Rbc1 Rxc1 28. Rxc1 Rc7 29. Rc2 Bb7 30. Ba4 Rxc2 31. Bxc2 Bd5 32. Bd3 a5 33. a3 Kd6 34. Kg1 Kc5 35. Kf2 Kd4 36. Bb5 Kc3 37. Bd7 e5 38. g4 Kd2 39. h3 e4 40. Bb5 e3+ 41. Kf1 Bf3 0-1

[Event "EYCC Girls-U16 2019"]
[Site "Bratislava"]
[Date "2019.08.08"]
[Round "7.5"]
[White "Sade, Defne"]
[Black "Malicka, Maria"]
[Result "1/2-1/2"]
[ECO "C60"]
[WhiteElo "1897"]
[BlackElo "2115"]
[Annotator "NA"]
[PlyCount "96"]
[EventDate "2019.08.02"]
[EventType "swiss"]
[EventCountry "SVK"]
[SourceTitle "playchess.com"]
[Source "ChessBase"]
[SourceQuality "1"]
[TimeControl "40/5400+30:1800+30"]

1. e4 e5 2. Nf3 Nc6 3. Bb5 g6 4. d4 exd4 5. Bg5 Be7 6. Bxe7 Qxe7 7. Bxc6 dxc6 8. Qxd4 Nf6 9. Nc3 Bg4 10. O-O-O Bxf3 11. gxf3 O-O 12. f4 Rfd8 13. Qe3 b6 14. Qf3 Rxd1+ 15. Rxd1 Rd8 16. Re1 b5 17. e5 b4 18. Ne4 Nxe4 19. Qxe4 Qe6 20. b3 c5 21. Rd1 Rxd1+ 22. Kxd1 Qh3 23. Qe3 Qxh2 24. e6 Qh1+ 25. Ke2 Qh5+ 26. Ke1 Qh1+ 27. Ke2 Qh5+ 28. Ke1 Kf8 29. exf7 Kxf7 30. Qe4 Qf5 31. f3 Qd7 32. Kf2 Qd4+ 33. Kg3 h5 34. Kh3 a5 35. Kg3 Kf6 36. Kh3 Qd7+ 37. Kg3 Qd6 38. Kh3 c6 39. Kh4 Qd5 40. Kh3 Qe6+ 41. Kg3 Qd5 42. Kh3 g5 43. fxg5+ Kxg5 44. Qe3+ Kf5 45. Kg2 Kg6 46. Qe8+ Kg7 47. Qe7+ Kg6 48. Qe8+ Kg7 1/2-1/2

[Event "EYCC Girls-U16 2019"]
[Site "Bratislava"]
[Date "2019.08.08"]
[Round "7.6"]
[White "Hryzlova, Sofiia"]
[Black "Afanasieva, Alexandra"]
[Result "1-0"]
[ECO "A00"]
[WhiteElo "1799"]
[BlackElo "2085"]
[Annotator "NA"]
[PlyCount "117"]
[EventDate "2019.08.02"]
[EventType "swiss"]
[EventCountry "SVK"]
[SourceTitle "playchess.com"]
[Source "ChessBase"]
[SourceQuality "1"]
[TimeControl "40/5400+30:1800+30"]

1. e3 d5 2. f4 Nf6 3. Nf3 g6 4. d4 Bf5 5. b3 Bg7 6. Be2 c5 7. O-O O-O 8. c4 cxd4 9. exd4 dxc4 10. bxc4 Nc6 11. Bb2 Qc7 12. Qc1 Nb4 13. Ne1 Rfd8 14. Nd2 Rac8 15. Ndf3 Ne4 16. Ne5 f6 17. N5f3 Bh6 18. g3 Nc6 19. Nc2 Bh3 20. Re1 Nd6 21. Ne3 Nf5 22. Nxf5 Bxf5 23. Qc3 Bg7 24. Rac1 Na5 25. Bf1 b6 26. Ba3 Rd7 27. Qe3 Nb7 28. d5 Nd6 29. Nd4 Bf8 30. Nxf5 Nxf5 31. Qe6+ Kg7 32. Bh3 Rcd8 33. Bxf5 gxf5 34. Qxf5 b5 35. d6 Rxd6 36. Bxd6 Rxd6 37. cxb5 Qa5 38. Re2 Qa3 39. Qg4+ Kf7 40. Qh5+ Kg7 41. Rce1 Rd8 42. Qg4+ Kh8 43. Qf5 Qd6 44. Kg2 Qc7 45. Qe4 Qc5 46. a4 Rd5 47. Rc2 Qd6 48. Qe6 Rd2+ 49. Rxd2 Qxd2+ 50. Re2 Qb4 51. Kh3 Kg7 52. Qg4+ Kf7 53. f5 Qb1 54. Qc4+ Kg7 55. Re4 h5 56. Qe2 Kh6 57. Qf3 Qc1 58. Rh4 Qg5 59. g4 1-0

[Event "EYCC Girls-U16 2019"]
[Site "Bratislava"]
[Date "2019.08.08"]
[Round "7.7"]
[White "Kuhar, Larisa"]
[Black "Hercog, Nusa"]
[Result "1-0"]
[ECO "B40"]
[WhiteElo "1894"]
[BlackElo "2053"]
[Annotator "NA"]
[PlyCount "119"]
[EventDate "2019.08.02"]
[EventType "swiss"]
[EventCountry "SVK"]
[SourceTitle "playchess.com"]
[Source "ChessBase"]
[SourceQuality "1"]
[TimeControl "40/5400+30:1800+30"]

1. e4 c5 2. Nf3 e6 3. d4 cxd4 4. Nxd4 Nf6 5. Nc3 Nc6 6. Ndb5 Bb4 7. a3 Bxc3+ 8. Nxc3 d5 9. exd5 exd5 10. Bd3 d4 11. Ne2 O-O 12. O-O Bg4 13. h3 Bh5 14. Bf4 Qb6 15. Qd2 Rfe8 16. Rab1 Rad8 17. Bh2 Bg6 18. Nf4 Ne4 19. Qd1 Ne5 20. Nxg6 Nxg6 21. Re1 Nf6 22. Bc4 Rxe1+ 23. Qxe1 Re8 24. Qb4 Qc6 25. Qb5 Qe4 26. Bd3 Qe7 27. Qc4 Rd8 28. Qc7 Qxc7 29. Bxc7 Rc8 30. Bg3 Nh5 31. Bh2 Nhf4 32. Be4 b6 33. Re1 h6 34. Bf5 Rc5 35. Re8+ Kh7 36. Bxf4 Rxf5 37. Bg3 Rc5 38. Re2 a6 39. Kf1 d3 40. cxd3 Rc1+ 41. Re1 Rc2 42. Rd1 Kg8 43. d4 Kf8 44. b4 Ke7 45. Rd3 Ke6 46. d5+ Kd7 47. Ke1 f6 48. Bb8 Ne5 49. Rg3 g5 50. h4 Rc4 51. hxg5 hxg5 52. Bxe5 Re4+ 53. Re3 Rxe5 54. Rxe5 fxe5 55. Ke2 Kd6 56. Kf3 Kxd5 57. Kg4 Kc4 58. Kxg5 Kb3 59. Kf5 Kxa3 60. g4 1-0

[Event "EYCC Girls-U16 2019"]
[Site "Bratislava"]
[Date "2019.08.08"]
[Round "7.8"]
[White "Juhasz, Judit"]
[Black "Guillo Longares, Cecilia"]
[Result "1-0"]
[ECO "B35"]
[WhiteElo "2050"]
[BlackElo "1916"]
[Annotator "NA"]
[PlyCount "125"]
[EventDate "2019.08.02"]
[EventType "swiss"]
[EventCountry "SVK"]
[SourceTitle "playchess.com"]
[Source "ChessBase"]
[SourceQuality "1"]
[TimeControl "40/5400+30:1800+30"]

1. e4 c5 2. Nf3 Nc6 3. d4 cxd4 4. Nxd4 g6 5. Nc3 Bg7 6. Be3 Nf6 7. Bc4 O-O 8. Bb3 a5 9. O-O d6 10. f3 Nd7 11. Bxf7+ Rxf7 12. Ne6 Qe8 13. Nd5 Nde5 14. Nec7 Qd8 15. Nxa8 Nc4 16. Bf2 Nxb2 17. Qe2 Na4 18. Rab1 Nd4 19. Qc4 b5 20. Nxe7+ Qxe7 21. Qxc8+ Rf8 22. Qa6 Qd8 23. Rxb5 Qxa8 24. Rxa5 Qxa6 25. Rxa6 Nc3 26. Rxd6 Nxc2 27. Rd2 Na3 28. Bc5 Ra8 29. Rd7 Nc2 30. a3 Bh6 31. Kf2 Nxa3 32. Ra1 Ncb5 33. Rb7 Bg7 34. Rd1 Be5 35. Rd5 Nc4 36. Rxe5 Ra2+ 37. Kg3 Nxe5 38. Rxb5 Nd3 39. Bd4 h5 40. Rb8+ Kf7 41. Rb7+ Ke8 42. Rb3 h4+ 43. Kxh4 Nf4 44. Rb2 Nxg2+ 45. Kg3 Rxb2 46. Bxb2 Ne1 47. h4 Kf7 48. Kg4 Nd3 49. Bd4 Nb4 50. h5 gxh5+ 51. Kxh5 Nc6 52. Bc3 Ne7 53. f4 Ke6 54. Kg5 Nc8 55. f5+ Kf7 56. e5 Nb6 57. e6+ Ke8 58. f6 Nd5 59. f7+ Kf8 60. Bd4 Ne7 61. Bc5 Kg7 62. Bxe7 Kh7 63. Kf4 1-0

[Event "EYCC Girls-U16 2019"]
[Site "Bratislava"]
[Date "2019.08.08"]
[Round "7.9"]
[White "Adamczyk, Zuzanna"]
[Black "Dylag, Emilia"]
[Result "0-1"]
[ECO "B92"]
[WhiteElo "1900"]
[BlackElo "2099"]
[Annotator "NA"]
[PlyCount "84"]
[EventDate "2019.08.02"]
[EventType "swiss"]
[EventCountry "SVK"]
[SourceTitle "playchess.com"]
[Source "ChessBase"]
[SourceQuality "1"]
[TimeControl "40/5400+30:1800+30"]

1. e4 c5 2. Nf3 d6 3. d4 cxd4 4. Nxd4 Nf6 5. Nc3 a6 6. Be2 e5 7. Nf3 h6 8. Nd2 Be6 9. Nc4 b5 10. Ne3 Nbd7 11. a3 Nb6 12. Bf3 g6 13. b3 Rc8 14. Bb2 Bg7 15. Qd2 O-O 16. O-O Qc7 17. Rfd1 Rfd8 18. Qe2 h5 19. g3 Bh6 20. Rac1 Qc5 21. b4 Qc7 22. Rb1 Bxe3 23. fxe3 Nc4 24. Nd5 Bxd5 25. exd5 Nxb2 26. Rxb2 Qc3 27. Ra2 e4 28. Bg2 Rc4 29. h3 Qe5 30. a4 Qxg3 31. axb5 axb5 32. Ra7 Rdc8 33. Rc1 Nxd5 34. Qf1 f5 35. Rd1 Qxe3+ 36. Kh1 Qxa7 37. Rxd5 Rxc2 38. Qxb5 Qf2 39. Qf1 Qxf1+ 40. Bxf1 Rc1 41. Kg1 Rb1 42. Kf2 Rc2+ 0-1

[Event "EYCC Girls-U16 2019"]
[Site "Bratislava"]
[Date "2019.08.08"]
[Round "7.10"]
[White "Gombocz, Zsofia"]
[Black "Czarnecka, Lidia"]
[Result "1/2-1/2"]
[ECO "B40"]
[WhiteElo "1981"]
[BlackElo "1731"]
[Annotator "NA"]
[PlyCount "40"]
[EventDate "2019.08.02"]
[EventType "swiss"]
[EventCountry "SVK"]
[SourceTitle "playchess.com"]
[Source "ChessBase"]
[SourceQuality "1"]
[TimeControl "40/5400+30:1800+30"]

1. e4 c5 2. Nf3 e6 3. c4 Nc6 4. Nc3 Nf6 5. Be2 d5 6. exd5 exd5 7. d4 Be7 8. O-O O-O 9. Bg5 cxd4 10. Nxd4 Nxd4 11. Qxd4 dxc4 12. Qxd8 Rxd8 13. Bxc4 Bf5 14. Rfe1 Kf8 15. Re5 Bd3 16. Bxd3 Rxd3 17. Rae1 Rd7 18. h3 h6 19. Be3 b6 20. Rf5 Rad8 1/2-1/2